 Dungeon Crawl Stone Soup version 0.18.1-8-gdd0e5ea (webtiles) character file.

63 Karodes the Shooter (level 3, 0/28 HPs)
             Began as a Centaur Arcane Marksman on May 26, 2016.
             Was an Initiate of Trog.
             Slain by a worker ant (3 damage)
             ... on level 3 of the Dungeon.
             The game lasted 00:27:26 (2544 turns).

Karodes the Shooter (Centaur Arcane Marksman)       Turns: 2544, Time: 00:27:26

Health: 0/28       AC:  4    Str: 14    XL:     3   Next: 89%
Magic:  4/4        EV: 10    Int: 12    God:    Trog [......]
Gold:   84         SH:  0    Dex:  8    Spells: 1 memorised, 3 levels left

rFire  . . .     SeeInvis .     g - +0 short sword
rCold  + . .     Gourm    .     b - +0 robe
rNeg   . . .     Faith    .     (no shield)
rPois  .         Spirit   .     (no helmet)
rElec  .         Dismiss  .     (no cloak)
rCorr  .         Reflect  .     (no gloves)
SustAt .         Harm     .     (no barding)
MR     .....     Rnd*Tele +     (no amulet)
Stlth  +.........               G - ring of teleportation (curse)
                                k - ring of protection from cold

@: very quick, not resistant to hostile enchantments, very unstealthy
A: hooves 3, deformed body, speed 2, tough skin 3
a: Burn Spellbooks, Renounce Religion


You were on level 3 of the Dungeon.
You worshipped Trog.
Trog was noncommittal.
You were not hungry.

You visited 1 branch of the dungeon, and saw 3 of its levels.

You collected 84 gold pieces.

Inventory:

Hand Weapons
 a - a +0 shortbow
 d - a +0 club
 g - a +0 short sword (weapon)
 j - a +0 whip
 s - a +0 mace
 t - a +0 hunting sling
 C - a +0 whip
Missiles
 e - 3 arrows
 q - 21 bolts
 r - 19 stones (quivered)
 x - 22 poisoned needles
Armour
 b - a +0 robe (worn)
 J - a +2 pair of boots
Jewellery
 k - a ring of protection from cold (left hand)
 G - a cursed ring of teleportation (right hand)
Scrolls
 m - 3 scrolls of identify {unknown}
 n - 2 scrolls of recharging {unknown}
 o - a scroll of enchant weapon {unknown}
 u - 2 scrolls of teleportation {unknown}
 v - a scroll of remove curse {unknown}
 w - a scroll of amnesia {unknown}
 y - a scroll of fear {unknown}
 H - a scroll of noise {unknown}
Potions
 h - 2 potions of heal wounds {unknown}
 l - 2 potions of might {unknown}
 p - a potion of resistance {unknown}
 z - a potion of flight {unknown}
 D - a potion of beneficial mutation {unknown}
 E - a potion of haste {unknown}
 F - a potion of degeneration {unknown}
 I - a potion of mutation {unknown}
Books
 c - a book of Debilitation

   Spells                             Type                      Level
   a - Corona                         Hexes                        1
   b - Slow                           Hexes                        2
   c - Gell's Gravitas                Hexes/Translocation          3
   d - Inner Flame                    Hexes/Fire                   3
   e - Cause Fear                     Hexes                        4
   f - Leda's Liquefaction            Hexes/Earth                  4
   Trog disapproves of the use of such an item.
Comestibles
 f - 2 bread rations
 i - a slice of pizza
 A - a beef jerky
 B - 2 fruits


   Skills:
 + Level 1.1 Fighting
 * Level 4.3 Bows
 * Level 2.1 Dodging
 - Level 1.0 Spellcasting
 - Level 3.1 Hexes


You had 3 spell levels left.
You knew the following spells:

 Your Spells              Type           Power        Failure   Level  Hunger
a - Corona                Hex            #......      12%         1    ##.....


Dungeon Overview and Level Annotations

Branches:
Dungeon (3/15)

Altars:
Cheibriados
Ru
Trog
Vehumet
Zin

Portals:
Sewer: D:3


Innate Abilities, Weirdness & Mutations

You have hooves in place of feet.
Armour fits poorly on your strangely shaped body.
You cover ground very quickly.
You have extremely tough skin (AC +3).


Message History

You hear a splash.
Throwing (i - inventory):
r - 21 stones (quivered)
Press: ? - help, Shift-Dir - straight line, p - worker ant
Okay, then.
Throwing (i - inventory):
r - 21 stones (quivered)
Press: ? - help, Shift-Dir - straight line, f/p - worker ant
Aim: a worker ant (almost dead)
You throw a stone.
The stone hits the worker ant but does no damage.
The worker ant is almost dead.
There is a glowing drain, spattered with blood here.
You see here a giant gecko corpse.
You enter the shallow water.
Moving in this stuff is going to be slow.
Throwing (i - inventory):
r - 20 stones (quivered)
Press: ? - help, Shift-Dir - straight line, f/p - worker ant
Aim: a worker ant (severely wounded)
You throw a stone. The stone barely misses the worker ant.
The worker ant bites you.
You die...

##### #...#########
#.≈.≈≈≈.≈.≈≈##
#.#.≈≈≈≈≈≈≈≈.#
#.#########†.#
#.###≈≈≈≈≈≈..#
#.##(÷..∩a@≈##
#######.#..≈≈≈≈≈≈##
........#.(#########
......###≈(≈≈≈≈≈≈≈≈##
.####.
###≈.÷.≈≈≈≈≈≈#######... #.
#.########≈≈..........#
#.##.####(....#.########.#
####.......>.....#.#
....#..............#


You could see a worker ant.

Vanquished Creatures
  A worm (D:3)
  A dart slug (D:1)
  6 giant geckos
  3 giant cockroaches
  3 goblins
  6 hobgoblins
  7 jackals (D:1)
  A ball python (D:3)
  5 bats
  6 giant newts
  5 kobolds
  5 rats
49 creatures vanquished.

Notes
Turn   | Place    | Note
--------------------------------------------------------------
     0 | D:1      | Karodes the Centaur Arcane Marksman began the quest for the Orb.
     0 | D:1      | Reached XP level 1. HP: 16/16 MP: 2/2
   363 | D:1      | Reached skill level 3 in Bows
   363 | D:1      | Reached XP level 2. HP: 23/23 MP: 3/3
   929 | D:1      | Reached XP level 3. HP: 28/28 MP: 4/4
  1273 | D:2      | Found a radiant altar of Vehumet.
  1854 | D:2      | Found a sacrificial altar of Ru.
  1857 | D:2      | Found a bloodstained altar of Trog.
  1860 | D:2      | Found a glowing silver altar of Zin.
  1863 | D:2      | Found a snail-covered altar of Cheibriados.
  1955 | D:2      | Became a worshipper of Trog the Wrathful
  2069 | D:3      | Reached skill level 4 in Bows
  2245 | D:3      | Found a glowing drain.
  2516 | D:3      | HP: 1/28 [worker ant (4)]
  2544 | D:3      | Slain by a worker ant

Skill      XL: |  1  2  3 |
---------------+----------+-----
Hexes          | 3 |  3.1
Bows           | 3 4 |  4.3
Dodging        | 2 |  2.1
Fighting       | |  1.1
Spellcasting   | |  1.0

Action                   || total
-------------------------++-------
Melee: Short sword       ||    75
       Kick              ||    10
 Fire: Shortbow          ||   104
Throw: Stone             ||    29
  Eat: Bread ration      ||     1
Armor: Robe              ||    74
Dodge: Dodged            ||   105
